 Dungeon Crawl Stone Soup version 0.25-a0-424-g80bd347ae0 (webtiles) character file.

Game seed: 17534829120737076769, levelgen mode: deterministic

4 Kohma the Stinger (level 1, 0/15 HPs)
             Began as a Naga Venom Mage on Jan 23, 2020.
             Slain by a jackal (3 damage)
             ... on level 1 of the Dungeon.
             The game lasted 00:00:48 (169 turns).

Kohma the Stinger (Naga Venom Mage)                  Turns: 169, Time: 00:00:49

Health: 0/15       AC:  1    Str: 10    XL:     1   Next: 70%
Magic:  0/3        EV: 10    Int: 15    God:
Gold:   0          SH:  0    Dex: 11    Spells: 3/4 levels left

rFire    . . .     SeeInvis +   e - +0 club
rCold    . . .     Gourm    .   (no shield)
rNeg     . . .     Faith    .   a - +0 robe
rPois    +         Spirit   .   (no helmet)
rElec    .         Reflect  .   (no cloak)
rCorr    .         Harm     .   (no gloves)
MR       .....                  (no barding)
Stlth    ++........             (no amulet)
HPRegen  0.05/turn              (no ring)
MPRegen  0.08/turn              (no ring)

@: very slightly contaminated, very slow
A: large, see invisible, deformed body, poison resistance, slowness 2, slow
metabolism 1, spit poison 1, AC +0
a: Spit Poison


You were on level 1 of the Dungeon.
You were not hungry.

You visited 1 branch of the dungeon, and saw 1 of its levels.

Inventory:

Hand Weapons
 e - a +0 club (weapon)
Missiles
 b - 11 stones (quivered)
Armour
 a - a +0 robe (worn)
Potions
 d - a potion of heal wounds {unknown}
Comestibles
 c - a ration
 f - 2 chunks of flesh


   Skills:
 + Level 0.2 Fighting
 - Level 1.5 Dodging
 - Level 3.0 Stealth
 * Level 2.1 Spellcasting
 - Level 1.0 Transmutations
 * Level 4.2 Poison Magic


You had 3 spell levels left.
You knew the following spells:

 Your Spells              Type           Power        Failure   Level  Hunger
a - Sting                 Tmut/Pois      #...         8%          1    #......

Your spell library contained the following spells:

 Spells                   Type           Power        Failure   Level  Hunger
 Poisonous Vapours        Pois/Air       #.....       14%         2    ###....
 Ignite Poison            Fire/Tmut/Pois #.......     32%         3    ###....
 Mephitic Cloud           Conj/Pois/Air  #.......     36%         3    ###....
 Olgreb's Toxic Radiance  Pois           ##......     36%         4    #####..


Dungeon Overview and Level Annotations

Branches:
Dungeon (1/15)

Altars:


Innate Abilities, Weirdness & Mutations

You cannot wear boots.
Your serpentine skin is tough. (AC +0)
You have supernaturally acute eyesight. (SInv)
Armour fits poorly on your strangely shaped body.
Your system is resistant to poisons. (rPois)
You cover ground very slowly.
You have a slow metabolism.
You can spit poison.


Message History

The jackal is moderately wounded.
The jackal bites you.
* * * LOW HITPOINT WARNING * * *
The jackal bites you.
* * * LOW HITPOINT WARNING * * *
The frilled lizard barely misses you.
Casting: Sting (safe; 8% risk of failure)
Confirm with . or Enter, or press ? or * to list all spells.
Aiming: Sting (safe; 8% risk of failure)
Press: ? - help, Shift-Dir - straight line, f - frilled lizard
Aim: a frilled lizard You miscast Sting.
You are very lightly contaminated with residual magic.
Nothing appears to happen.
The jackal closely misses you.
The frilled lizard bites you but does no damage.
The jackal barely misses you.
You hit the jackal but do no damage.
The jackal is moderately wounded.
The jackal bites you.
You die...

.hh. # #..# .. #..# #
#.. #..# .#..#
#...###h.##.#..#
#..............# .
................
....#.###..##.##.#
#..gl@h.........
#.#.###.รท......#
#.###..#..##.#
#............# #
#####..#..####
#.###.......#
......#..#.## ##
.........#.# #.
>........#.##########.


You could see a jackal, a goblin and a frilled lizard.

Vanquished Creatures
  A goblin (D:1)
  2 jackals (D:1)
  A rat (D:1)
4 creatures vanquished.

Notes
Turn   | Place    | Note
-------+----------+-------------------------------------------
     0 | D:1      | Kohma the Naga Venom Mage began the quest for the Orb.
     0 | D:1      | Reached XP level 1. HP: 15/15 MP: 3/3
   169 | D:1      | Slain by a jackal

Levels and vault maps discovered:
D:1:      dpeg_arrival_pond, layout_loops_ring, chequers_serial_rivers_small_b

Action                   || total
-------------------------++-------
Melee: Club              ||     8
       Unarmed           ||     5
 Cast: Sting             ||     4
Armor: Robe              ||     3
Dodge: Dodged            ||    13

Table legend:
 A = Non-vault XP
 B = Vault XP
 C = Vault XP percentage of total XP
 D = Non-vault monster count
 E = Vault monster count
 F = Vault count percentage of total count
                 A         B        C        D         E       F
            +---------+---------+-------+---------+---------+-------
      Total |       7 |       0 |   0.0 |       4 |       0 |   0.0
            +---------+---------+-------+---------+---------+-------
        D:1 |       7 |       0 |   0.0 |       4 |       0 |   0.0
            +---------+---------+-------+---------+---------+-------
